AoeStats
← BEGINER_aoe2

Arena

510739449Analyzed
1v1 RM · 21h ago on Oct 2, 2026· 53m 41s· 2 players
Game mode
Random Map
Map size
Tiny (2 player)
Population
200
Speed
Normal
Resources
Standard
Victory
Conquest
Starting age
Dark Age
Ending age
Imperial Age
RankedLock teamsTeams togetherTeam positionsShared explorationLock speedFull tech treeHidden civsTurbo modeCheats
Victory
Defeat
🇮🇳 Spanish · India
346
+4
🇪🇸 Huns · Spain
—
clavijocabralesjavier
1:16 Loom
12:23 Feudal Age
15:03 Double-Bit Axe
16:48 Wheelbarrow
16:00 Town Watch
19:25 Man-at-Arms
19:54 Horse Collar
20:41 Gold Mining
21:30 Arson
24:12 Stone Mining
27:45 Castle Age
28:22 Bloodlines
28:44 Hand Cart
28:19 Town Watch
28:51 Bow Saw
29:02 Heavy Plow
33:08 Gold Shaft Mining
38:10 Imperial Age
38:53 Thumb Ring
38:11 Crossbowman
38:12 Elite Skirmisher
39:44 Husbandry
39:05 Cavalier
39:07 Light Cavalry
41:55 Scale Barding Armor
41:50 Scale Mail Armor
42:00 Forging
41:42 Fletching
41:53 Padded Archer Armor
44:01 Parthian Tactics
42:58 Heavy Cavalry Archer
44:44 Town Patrol
47:23 Iron Casting
47:04 Chain Mail Armor
47:10 Chain Barding Armor
46:48 Bodkin Arrow
47:17 Squires
46:38 Pikeman
46:39 Long Swordsman
49:42 Long Swordsman
50:40 Capped Ram
51:35 Marauders
51:56 Atheism
51:28 Two-Handed Swordsman
51:42 Two-Handed Swordsman
BEGINER_aoe2
10:04 Feudal Age
8:50 Loom
18:11 Castle Age
16:23 Horse Collar
16:32 Double-Bit Axe
20:19 Bow Saw
21:27 Fervor
21:24 Pikeman
24:54 Ballistics
27:20 Heavy Plow
32:01 Imperial Age
29:55 Stone Mining
29:57 Gold Mining
31:21 Stone Shaft Mining
32:11 Wheelbarrow
31:52 Squires
31:16 Elite Skirmisher
34:23 Two-Man Saw
34:08 Husbandry
36:20 Fortified Wall
37:11 Chemistry
38:02 Conscription
37:54 Murder Holes
39:43 Thumb Ring
40:16 Masonry
42:16 Hand Cart
41:46 Town Watch
42:35 Padded Archer Armor
42:25 Fletching
42:42 Scale Barding Armor
42:37 Scale Mail Armor
42:48 Forging
43:45 Bloodlines
42:58 Cavalier
47:55 Leather Archer Armor
47:36 Bodkin Arrow
48:17 Iron Casting
47:57 Chain Mail Armor
48:03 Chain Barding Armor
48:13 Elite Conquistador
51:42 Hoardings
51:53 Hoardings
52:13 Paladin
52:15 Light Cavalry
54:47 Architecture
54:08 Guard Tower
54:04 Arrowslits
54:40 Bombard Tower
Connection lost

Rejoining the realm…

Still unreachable

The connection could not be restored.

Session expired

The server has moved on; the page needs a fresh start.